 Dungeon Crawl Stone Soup version 0.16.1-4-g8e1b745 (webtiles) character file.

1500 Fluffy the Cleaver (level 8, 0/64 HPs)
             Began as a Hill Orc Fighter on Mar 27, 2015.
             Was a Believer of Qazlal.
             Shot with an arrow by a centaur (9 damage)
             ... on level 6 of the Dungeon.
             The game lasted 00:19:37 (5906 turns).

Fluffy the Cleaver (Hill Orc Fighter)               Turns: 5906, Time: 00:19:38

Health: 0/64       AC:  0    Str: 21    XL:     8   Next: 81%
Magic:  20/20      EV: 17    Int:  8    God:    Qazlal [**....]
Gold:   303        SH:  3    Dex: 10    Spells: 0 memorised, 7 levels left

rFire  . . .     SeeInvis .     a - melded +1 war axe (curse)
rCold  . . .     Clarity  .     b - melded +0 scale mail
rNeg   . . .     SustAb   .     c - melded +0 shield
rPois  .         Gourm    .     s - melded +2 helmet
rElec  .         Spirit   .     g - melded +0 cloak
rCorr  .         Warding  .     (gloves currently unavailable)
rMut   .         Stasis   .     (boots currently unavailable)
MR     .....                    y - melded amulet of Brilliance {rCorr rPois MR+ MP+9}
Stlth  +.........               (ring currently unavailable)
                                (ring currently unavailable)

@: porcupine-form (expiring), quick, not resistant to hostile enchantments, very
unstealthy
A: no striking features
a: Upheaval, Renounce Religion


You were on level 6 of the Dungeon.
You worshipped Qazlal.
Qazlal was pleased with you.
You were not hungry.
You were a spiny porcupine.
You visited 1 branch of the dungeon, and saw 6 of its levels.
You also visited: Sewer.

You collected 303 gold pieces.

Inventory:

Hand weapons
 a - a cursed +1 war axe (melded)
Armour
 b - a +0 scale mail (melded)
 c - a +0 shield (melded)
 g - a +0 cloak (melded)
 s - a +2 helmet (melded)
Jewellery
 y - the amulet of Brilliance (melded) {rCorr rPois MR+ MP+9}
   (You found it on level 5 of the Dungeon)

   [amulet of resist corrosion]

   It protects you from acid and corrosion.
   It protects you from poison.
   It affects your resistance to hostile enchantments.
   It affects your magic capacity (+9).
Magical devices
 j - a wand of disintegration (14)
Scrolls
 f - 2 scrolls of teleportation
 h - 6 scrolls of identify
 l - 3 scrolls of remove curse
 t - a scroll of recharging
 u - 2 scrolls of fog
 v - 3 scrolls of fear
 A - a scroll of enchant armour
Potions
 k - 2 potions of restore abilities
 m - a potion of flight
 n - a potion of heal wounds
 o - a potion of cancellation
 p - 7 potions of curing
 r - a potion of invisibility
 w - 3 potions of magic
 x - a potion of brilliance
Comestibles
 d - 6 meat rations
 i - 7 bread rations
 q - 3 beef jerkies
 z - 3 fruits


   Skills:
 - Level 3.6 Fighting
 + Level 10.7 Axes
 - Level 3.2 Armour
 - Level 3.2 Shields
 + Level 9.1 Invocations


You had 7 spell levels left.
You didn't know any spells.

Dungeon Overview and Level Annotations

Branches:
Dungeon (6/15)
 Temple: D:4-7

Altars:
Elyvilon
Qazlal
Xom


Message History

The centaur hits you with an uncursed short sword!
The centaur closely misses you.
The centaur unwields an uncursed short sword.
The centaur wields an uncursed shortbow.
The centaur shoots an arrow.
The arrow hits you.
You see here an arrow.
The centaur shoots an arrow.
The arrow misses you.
The centaur shoots an arrow.
The arrow hits you!
* * * LOW HITPOINT WARNING * * *
You see here 2 arrows.
Your transformation is almost over.
The centaur shoots an arrow.
The arrow barely misses you.
The centaur shoots an arrow.
The arrow completely misses you.
You see here 2 arrows.
The centaur shoots an arrow.
The arrow closely misses you.
The centaur shoots an arrow.
The arrow hits you!
* * * LOW HITPOINT WARNING * * *
You see here 2 arrows.
The centaur shoots an arrow.
The arrow hits you!
You die...

###c### #.# #.##
## #########..# .#
#......###.# ##
#.####.# #(#
#######.####.# #.#
#.........##.# #(#
#.##.##.#.##.###r#
#.##.##.#........#
.....##......#####
#.#####.###### #.#
#.# #########
≈≈≈≈≈≈≈# ......≈#
.8≈≈8.≈#


You could see a centaur.

Vanquished Creatures
  A phantom (D:6)
  An ice beast (D:4)
  A sky beast (D:6)
  2 centaurs
  3 big kobolds (Sewer)
  3 scorpions
  A crimson imp (D:5)
  2 giant frog skeletons
  A goliath beetle (D:6)
  2 centaur skeletons (D:6)
  4 hounds (D:4)
  An orc wizard (D:4)
  An iguana (D:6)
  3 worker ants (D:4)
  A mummy (D:6)
  A worker ant zombie (D:5)
  Robin (D:3)
  9 adders
  3 river rats (Sewer)
  A shadow imp (D:5)
  A giant mite (D:6)
  7 worms
  An adder skeleton (D:6)
  4 giant geckos
  2 oozes (Sewer)
  2 orcs (D:4)
  8 bats
  8 giant cockroaches
  18 goblins
  15 hobgoblins
  12 kobolds
  4 quokkas
  4 ball pythons
  2 giant newts
  3 jackals (D:5)
  11 rats
  3 ballistomycetes (D:6)
147 creatures vanquished.

Vanquished Creatures (others)
  A giant spore (D:6)
1 creature vanquished.

Grand Total: 148 creatures vanquished

Notes
Turn   | Place    | Note
--------------------------------------------------------------
     0 | D:1      | Fluffy, the Hill Orc Fighter, began the quest for the Orb.
     0 | D:1      | Reached XP level 1. HP: 19/19 MP: 1/1
   111 | D:1      | Reached XP level 2. HP: 21/26 MP: 2/2
   594 | D:2      | Reached skill level 4 in Axes
   648 | D:2      | Reached XP level 3. HP: 3/31 MP: 3/3
   649 | D:2      | HP: 1/31 [poisoned by an adder]
   861 | D:2      | Reached skill level 5 in Axes
  1106 | D:2      | Found a white marble altar of Elyvilon.
  1234 | D:2      | Reached XP level 4. HP: 13/39 MP: 4/4
  1950 | D:2      | Found a stormy altar of Qazlal.
  1961 | D:2      | Became a worshipper of Qazlal Stormbringer
  2152 | D:3      | Reached skill level 6 in Axes
  2256 | D:3      | Noticed Robin
  2273 | D:3      | Killed Robin
  2280 | D:3      | Reached skill level 1 in Invocations
  2318 | D:3      | Acquired Qazlal's first power
  2517 | D:3      | Found a shimmering altar of Xom.
  2905 | D:3      | Reached XP level 5. HP: 45/45 MP: 6/6
  2946 | D:3      | Noticed a centaur
  2950 | D:3      | Killed a centaur
  3107 | D:4      | Noticed an ice beast
  3114 | D:4      | Reached skill level 7 in Axes
  3114 | D:4      | Reached XP level 6. HP: 39/51 MP: 10/10
  3126 | D:4      | Killed an ice beast
  3299 | D:4      | Reached skill level 8 in Axes
  3299 | D:4      | Reached skill level 5 in Invocations
  3299 | D:4      | Reached XP level 7. HP: 53/57 MP: 13/13
  3495 | D:4      | Found a glowing drain.
  3505 | Sewer    | Entered a sewer
  3786 | Sewer    | Acquired Qazlal's second power
  3808 | Sewer    | Reached skill level 9 in Axes
  4168 | D:4      | Reached XP level 8. HP: 59/64 MP: 18/18
  4306 | D:5      | Entered Level 5 of the Dungeon
  4452 | D:5      | Got a scintillating steel amulet
  4453 | D:5      | Identified the amulet of Brilliance {rCorr rPois MR+ MP+9} (You found it on level 5 of the Dungeon)
  5066 | D:6      | Reached skill level 10 in Axes
  5906 | D:6      | Shot with an arrow by a centaur

Action                   |  1- 3 |  4- 6 |  7- 9 || total
-------------------------+-------+-------+-------++-------
Melee: War axe           |    93 |   180 |   279 ||   552
       Unarmed           |       |       |    10 ||    10
  Use: Scroll            |     8 |     5 |     6 ||    19
       Potion            |     2 |       |     3 ||     5
  Eat: Chunk             |     1 |     7 |     8 ||    16
       Fruit             |       |       |     1 ||     1
